 Dungeon Crawl Stone Soup version 0.22-a0-525-gf69a080 (webtiles) character file.

1 iamserjio the Charmwright (level 1, -2/11 HPs)
             Began as a Vine Stalker Skald on June 21, 2018.
             Slain by a jackal (3 damage)
             ... on level 1 of the Dungeon.
             The game lasted 00:00:28 (36 turns).

iamserjio the Charmwright (Vine Stalker Skald)        Turns: 36, Time: 00:00:29

Health: -2/11      AC:  3    Str: 13    XL:     1   Next: 20%
Magic:  0/4        EV: 11    Int: 13    God:
Gold:   5          SH:  0    Dex: 13    Spells: 3/4 levels left

rFire    . . .     SeeInvis .     - Unarmed
rCold    . . .     Gourm    .   (no shield)
rNeg     . . .     Faith    .   a - +0 leather armour
rPois    .         Spirit   +   (no helmet)
rElec    .         Reflect  .   (no cloak)
rCorr    .         Harm     .   (no gloves)
MR       .....                  (no boots)
Stlth    +.........             (no amulet)
HPRegen  0.03/turn              (no ring)
MPRegen  0.09/turn              (no ring)

@: no status effects
A: fangs 2, magic shield, antimagic bite, no potion heal 3, rot immunity
a: no special abilities


You were on level 1 of the Dungeon.
You were not hungry.

You visited 1 branch of the dungeon, and saw 1 of its levels.

You collected 5 gold pieces.

Inventory:

Armour
 a - a +0 leather armour (worn)
Scrolls
 b - a scroll of remove curse {unknown}
Potions
 d - a potion of mutation {unknown}
Comestibles
 c - a ration


   Skills:
 + Level 1.8 Fighting
 - Level 0.7 Armour
 - Level 1.5 Dodging
 * Level 2.0 Unarmed Combat
 - Level 2.1 Spellcasting
 - Level 3.0 Charms


You had 3 spell levels left.
You knew the following spells:

 Your Spells              Type           Power        Failure   Level  Hunger
a - Infusion              Chrm           #...         10%         1    ##.....

Your spell library contained the following spells:

 Spells                   Type           Power        Failure   Level  Hunger
 Regeneration             Chrm/Necr      #.........   45%         3    ####...
 Shroud of Golubria       Chrm/Tloc      #.........   26%         2    ###....
 Song of Slaying          Chrm           #.......     14%         2    ###....
 Spectral Weapon          Hex/Chrm       #.......     45%         3    ####...


Dungeon Overview and Level Annotations

Branches:
Dungeon (1/15)

Altars:


Innate Abilities, Weirdness & Mutations

You have extremely sharp teeth.
When hurt, damage is shared between your health and your magic reserves.
Your bite disrupts and absorbs the magic of your enemies.
Potions cannot restore your health.
You are immune to rotting.


Message History

d - a ruby potion You barely miss the jackal.
Your bite misses the jackal. The jackal bites you.
The jackal barely misses you.
You hit the jackal.
The jackal is lightly wounded.
A jackal comes into view.
The jackal bites you.
The jackal bites you but does no damage.
The kobold barely misses you.
You closely miss the kobold. You bite the kobold, but do no damage.
The jackal closely misses you. The kobold hits you with a whip.
The jackal barely misses you.
You barely miss the kobold. Your bite misses the kobold.
The kobold hits you with a whip. The jackal barely misses you.
You hit the kobold.
The kobold is severely wounded.
The jackal bites you. The kobold hits you with a whip.
* * * LOW HITPOINT WARNING * * *
The jackal bites you.
You die...

#. #.# .###.# ....# #.
#.#.# # ..#
.######.#.##.##.# #.#
....h...........# #.#
######h#.##.########..
########h#.# ........#
......K@.#.#
###..#..#.
##########.#
#......#.. #.#
.#.#####...
##.##....#......
#...#.....#.....
.......#.#.##..#....<
######. .# #..#......
## ## #.#####...
#......#..


You could see 2 jackals and a kobold.

Vanquished Creatures
  A giant cockroach (D:1)
1 creature vanquished.

Notes
Turn   | Place    | Note
-------+----------+-------------------------------------------
     0 | D:1      | iamserjio the Vine Stalker Skald began the quest for the Orb.
     0 | D:1      | Reached XP level 1. HP: 11/11 MP: 4/4
    36 | D:1      | Slain by a jackal

Vault maps used:
D:1:      scummos_arrival_star

Action                   || total
-------------------------++-------
Melee: Unarmed           ||    15
       Bite              ||     4
Armor: Leather armour    ||     4
Dodge: Dodged            ||    12

Table legend:
 A = Spawn XP
 B = Non-spawn XP
 C = Spawn XP percentage of total XP
 D = Spawn monster count
 E = Non-spawn monster count
 F = Spawn count percentage of total count
 G = Total turns spent on level
                    A         B        C        D         E        F      G
               +---------+---------+-------+---------+---------+-------+---------
         Total |       0 |       2 |   0.0 |       0 |       1 |   0.0 |    36
               +---------+---------+-------+---------+---------+-------+---------
           D:1 |       0 |       2 |   0.0 |       0 |       1 |   0.0 |    36
               +---------+---------+-------+---------+---------+-------+---------
